 Dungeon Crawl Stone Soup version 0.17.1-1-g73c8601 (webtiles) character file.

1202 Goblin1989 the Martial Artist (level 8, -5/46 HPs)
             Began as a Vine Stalker Monk on Jan 5, 2016.
             Slain by a wolf (8 damage)
             ... led by Grum
             ... on level 8 of the Dungeon.
             The game lasted 00:11:48 (3931 turns).

Goblin1989 the Martial Artist (Vine Stalker Monk)   Turns: 3931, Time: 00:11:48

Health: -5/46      AC:  7    Str: 15    XL:     8   Next: 44%
Magic:  0/9        EV: 10    Int:  8    God:
Gold:   147        SH:  0    Dex: 18    Spells: 2 memorised, 3 levels left

rFire  . . .     SeeInvis .       - Unarmed
rCold  . . .     Clarity  .     g - +0 scale mail
rNeg   . . .     SustAt   .     (no shield)
rPois  .         Gourm    .     x - +0 helmet
rElec  .         Spirit   +     (no cloak)
rCorr  .         Warding  .     (no gloves)
rMut   .         Stasis   .     (no boots)
MR     +....                    (no amulet)
Stlth  +.........               (no ring)
                                f - -2 ring of intelligence (curse)

@: somewhat resistant to hostile enchantments, very unstealthy
A: fangs 3, breathe flames 1, regeneration 2, robust 1, magic shield, antimagic
bite, no device heal 3, rot immunity
a: Breathe Fire


You were on level 8 of the Dungeon.
You were hungry.

You visited 1 branch of the dungeon, and saw 7 of its levels.

You collected 235 gold pieces.
You spent 88 gold pieces at shops.

Inventory:

Armour
 g - a +0 scale mail (worn)
 k - a +0 chain mail
 x - a +0 helmet (worn)
Jewellery
 f - a cursed -2 ring of intelligence (left hand)
Wands
 s - a wand of digging (0)
 y - a wand of magic darts (17)
Scrolls
 c - 4 scrolls of remove curse {unknown}
 e - 2 scrolls of fear {unknown}
 h - a scroll of enchant armour {unknown}
 j - 6 scrolls of teleportation {unknown}
 m - a scroll of enchant weapon {unknown}
 n - 2 scrolls of recharging {unknown}
 r - 5 scrolls of identify {unknown}
 w - a scroll of fog {unknown}
 z - a scroll of immolation {unknown}
Potions
 d - 2 potions of might {unknown}
 l - 2 potions of flight {unknown}
 p - 2 potions of curing {unknown}
 q - 2 potions of degeneration {unknown}
 u - a potion of heal wounds {unknown}
 v - a potion of haste {unknown}
Comestibles
 a - 7 fruits
 b - 5 bread rations
 i - 2 meat rations
 o - a royal jelly
 t - 3 slices of pizza


   Skills:
 * Level 3.7 Fighting
 + Level 1.2 Armour
 - Level 2.4 Dodging
 - Level 2.4 Stealth
 + Level 10.0 Unarmed Combat


You had 3 spell levels left.
You knew the following spells:

 Your Spells              Type           Power        Failure   Level  Hunger
a - Apportation           Tloc           #.........   99%         1    ##.....
b - Tukima's Dance        Hex            #.......     100%        3    ####...


Dungeon Overview and Level Annotations

Branches:
Dungeon (9/15)
 Temple: D:4-7         Lair: D:8-11         Orc: D:9-12

Altars:
Nemelex Xobeh
Trog
Xom
Yredelemnul

Shops:
D:5 }

Annotations:
D:3 Sigmund
D:8 Pikel
D:9 Grum


Innate Abilities, Weirdness & Mutations

You have razor-sharp teeth.
You heal very quickly.
When hurt, damage is shared between your health and your magic reserves.
Your bite disrupts and absorbs the magic of your enemies.
Potions and wands cannot restore your health.
You are immune to rotting.
You can breathe flames.
You are robust (+10% HP).


Message History

The wolf bites you but does no damage.
The wolf bites you but does no damage. x2
The wolf misses you. The wolf closely misses you. The wolf closely misses you.
The wolf bites you but does no damage. The wolf barely misses you.
The wolf closely misses you. The wolf bites you!
* * * LOW HITPOINT WARNING * * *
There is a stone staircase leading up here.
The wolf barely misses you. The wolf bites you.
* * * LOW HITPOINT WARNING * * *
The wolf bites you.
* * * LOW HITPOINT WARNING * * *
You climb upwards.
Level annotation: Pikel The slave hits you but does no damage.
The slave hits you.
* * * LOW HITPOINT WARNING * * *
There is a stone staircase leading down here.
You closely miss the slave. Your bite misses the slave.
The wolf closely misses you. The wolf bites you!
You die...

#####........###
#..........#
#####......#
#.........#
#.##......#
#.##......#
########p##......#
p.K......###hh####
########## #p@#
####


You could see a slave and 2 wolves.

Vanquished Creatures
  The ghost of cireshan the Ducker, an amateur SpAr (D:3)
  A phantom (D:5)
  2 sky beasts
  2 centaurs (D:5)
  2 scorpions
  A water moccasin skeleton (D:4)
  3 hounds
  A centaur skeleton (D:4)
  2 orc priests
  5 orc wizards
  4 worker ants
  6 adders
  A gnoll (D:4)
  An ooze (D:3)
  3 worms
  13 orcs
  A ball python (D:1)
  4 bats
  5 giant cockroaches
  7 hobgoblins
  7 jackals
  A quokka (D:3)
  5 giant newts
  7 goblins
  7 kobolds
  2 rats
94 creatures vanquished.

Notes
Turn   | Place    | Note
--------------------------------------------------------------
     0 | D:1      | Goblin1989 the Vine Stalker Monk began the quest for the Orb.
     0 | D:1      | Reached XP level 1. HP: 11/11 MP: 2/2
   376 | D:1      | Reached XP level 2. HP: 13/16 MP: 3/3
   992 | D:2      | Reached skill level 5 in Unarmed Combat
   992 | D:2      | Reached XP level 3. HP: 14/19 MP: 4/4
  1566 | D:2      | Reached XP level 4. HP: 8/23 MP: 3/5
  1786 | D:3      | Found a basalt altar of Yredelemnul.
  1813 | D:3      | Found a bloodstained altar of Trog.
  1827 | D:3      | Noticed cireshan's ghost (amateur SpAr)
  1838 | D:3      | Killed cireshan's ghost
  1838 | D:3      | Reached skill level 6 in Unarmed Combat
  1838 | D:3      | Reached XP level 5. HP: 22/27 MP: 4/6
  1933 | D:3      | Reached skill level 7 in Unarmed Combat
  1978 | D:3      | Gained mutation: You heal very quickly. [Vine Stalker growth]
  1978 | D:3      | Reached XP level 6. HP: 26/32 MP: 7/7
  2074 | D:3      | Noticed Sigmund
  2426 | D:4      | Reached skill level 8 in Unarmed Combat
  2537 | D:4      | Learned a level 1 spell: Apportation
  2541 | D:4      | Learned a level 3 spell: Tukima's Dance
  2564 | D:4      | Reached XP level 7. HP: 26/35 MP: 6/8
  2796 | D:4      | Found a sparkling altar of Nemelex Xobeh.
  2796 | D:4      | Found a shimmering altar of Xom.
  3060 | D:5      | Entered Level 5 of the Dungeon
  3146 | D:5      | Found Gecroifirgh's Quality Used Wands.
  3211 | D:4      | Reached skill level 9 in Unarmed Combat
  3228 | D:4      | Gained mutation: You can breathe flames. [mutagenic meat]
  3229 | D:4      | Gained mutation: You are robust (+10% HP). [mutagenic meat]
  3293 | D:5      | Bought a wand of digging (0) for 88 gold pieces
  3472 | D:5      | Gained mutation: You have razor-sharp teeth. [Vine Stalker growth]
  3472 | D:5      | Reached XP level 8. HP: 35/42 MP: 9/9
  3572 | D:5      | Reached skill level 1 in Armour
  3572 | D:5      | Reached skill level 10 in Unarmed Combat
  3732 | D:5      | You fall through a shaft for 3 floors!
  3762 | D:8      | Noticed Pikel
  3898 | D:9      | Noticed Grum
  3931 | D:8      | Slain by a wolf

Action                   |  1- 3 |  4- 6 |  7- 9 || total
-------------------------+-------+-------+-------++-------
Melee: Unarmed           |    90 |   145 |    99 ||   334
  Eat: Chunk             |       |     5 |     6 ||    11
